 Dungeon Crawl Stone Soup version 0.31-a0-202-g547052bce9 (webtiles) character file.

Game seed: 14698367188841747937

1688 qw the Skirmisher (level 8, -8/46 HPs)
             Began as a Deep Elf Hunter on June 26, 2023.
             Was an Initiate of Okawaru.
             Killed by nerve-wracking pain
             ... invoked by an orc priest
              (12 damage)
             ... on level 6 of the Dungeon.
             The game lasted 00:02:09 (4843 turns).

qw the Skirmisher (Deep Elf Hunter)                 Turns: 4843, Time: 00:02:10

Health: -8/46      AC: 19    Str: 10    XL:     8   Next: 71%
Magic:  11/13      EV: 20    Int: 15    God:    Okawaru [......]
Gold:   237        SH:  5    Dex: 18    Spells: 7/7 levels left

rFire   . . .        Y - +3 shortbow
rCold   . . .        (shield currently unavailable)
rNeg    . . .        k - +0 ring mail
rPois   .            s - +2 helmet
rElec   .            (no cloak)
rCorr   .            n - +1 pair of gloves
SInv    .            p - +2 pair of boots {Stlth+}
Will    .....        o - amulet of reflection
Stlth   ++++         j - +4 ring of protection
HPRegen 0.27/turn    c - +5 ring of evasion
MPRegen 0.13/turn

%: reflection
@: about to teleport, heroic
A: no striking features
a: Renounce Religion


You were on level 6 of the Dungeon.
You worshipped Okawaru.
Okawaru was noncommittal.
You visited 2 branches of the dungeon, and saw 7 of its levels.

You collected 237 gold pieces.


   Skills:
 - Level 3.1(8.1) Fighting
 + Level 13.1(18.1) Ranged Weapons
 - Level 1.0(6.0) Armour
 - Level 4.0(9.0) Dodging
 - Level 1.2(6.2) Stealth
 - Level 4.0 Invocations


You had 7 spell levels left.
You didn't know any spells.
Your spell library was empty.

Inventory:

Hand Weapons
 Y - a +3 shortbow (weapon)
Armour
 f - the +1 scale mail of Boiling Hail {Harm rN+++ rCorr Str-3}
   (You found it on level 3 of the Dungeon)

   Str:       It affects your strength (-3).
   rN:        It renders you almost immune to negative energy.
   rCorr:     It protects you from acid and corrosion.
   Harm:      It increases damage dealt and taken.
 k - a +0 ring mail (worn)
 n - a +1 pair of gloves (worn)
 p - a +2 pair of boots of stealth (worn)
 s - a +2 helmet (worn)
Jewellery
 c - a +5 ring of evasion (right hand)
 j - a +4 ring of protection (left hand)
 o - an amulet of reflection (around neck)
Scrolls
 m - 4 scrolls of teleportation
 q - a scroll of identify
Potions
 a - a potion of curing
 b - a potion of lignification {unknown}
 d - a potion of resistance {unknown}
 e - a potion of heal wounds {unknown}
 g - 4 potions of might
 i - a potion of brilliance {unknown}
 l - a potion of cancellation
 r - a potion of invisibility {unknown}

Dungeon Overview and Level Annotations

Branches:
Dungeon (6/15)             Temple (1/1) D:5

Altars:
Ashenzari
Cheibriados
Elyvilon
Fedhas
Gozag
Hepliaklqana
Kikubaaqudgha
Nemelex Xobeh
Okawaru
Ru
Uskayaw
Wu Jian
Xom
Yredelemnul
Zin
The Shining One


Message History

Okawaru accepts your kill.
You hear a shout!
The orc wizard closely misses you. The orc warrior completely misses you.
The orc priest invokes the aid of Beogh against you.
Beogh smites you!
You shoot an arrow.
The arrow hits the orc warrior but does no damage.
The orc warrior is heavily wounded.
The orc wizard barely misses you.
An orc comes into view. It is wielding a +0 dagger.
You shoot an arrow. The arrow hits the orc warrior.
The orc warrior is heavily wounded.
You hear a shout!
You shoot an arrow. The arrow hits the orc warrior.
The orc warrior is severely wounded.
You feel like a meek peon again.
The orc wizard hits you but does no damage.
The orc misses you. You block the orc priest's attack.
4841 ||| INVOKING Heroism.
You gain the combat prowess of a mighty hero.
You can no longer gain great but temporary skills.
The orc wizard hits you but does no damage.
An orc priest comes into view. It is wielding a +0 club.
The orc warrior closely misses you. You block the orc priest's attack.
You shoot an arrow. The arrow hits the orc warrior!
The orc warrior is almost dead.
The orc wizard completely misses you. You block the orc's attack.
The orc warrior hits you but does no damage.
An orc priest comes into view. It is wielding a +0 club.
The orc priest invokes the aid of Beogh against you.
Beogh smites you!
4843 ||| READING 5 scrolls of teleportation.
As you read the scroll of teleportation, it crumbles to dust.
You feel strangely unstable.
The orc wizard casts a spell.
The orc wizard flickers and vanishes!
The orc warrior hits you with a +0 vampiric long sword.
The orc priest calls down the wrath of Beogh upon you.
Pain shoots through your body!
You die...

...#..# ...o ...#..#
)). ...#..### #.5
....#...# .)
......#.### ##.#
.#........#####..#
.####.#......##.# .#
#.#.##....%{########
.
#.#.##..#o{o@.......
#.#.###..oooo....##.
#.#.# ##..######.#
#.# #..# .. #.# #...
. .# #.###...#. ..
#.#..#..#.### ##.
#.##.#.# ## # #
.##.##.#.# .##.#


You could see an orc warrior, 3 orc priests and 2 orcs.

Vanquished Creatures
  A steam dragon (D:6)
  An orc warrior (D:6)
  A black bear (D:6)
  An ice beast (D:6)
  An ogre (D:4)
  3 scorpions
  4 wights (D:6)
  2 jellies (D:6)
  2 orc priests
  5 hounds
  2 sleepcaps
  5 iguanas
  6 orc wizards
  7 adders
  A shadow imp (D:6)
  A white imp (D:5)
  2 ufetubi (D:4)
  3 worms
  3 dart slugs
  24 orcs
  3 endoplasms
  3 giant cockroaches
  6 hobgoblins
  3 jackals (D:3)
  2 quokkas (D:2)
  11 ball pythons
  8 bats
  2 frilled lizards
  6 goblins
  7 kobolds
  7 rats
133 creatures vanquished.

Vanquished Creatures (others)
  An orc (D:5)
1 creature vanquished.

Grand Total: 134 creatures vanquished

Notes
Turn   | Place    | Note
-------+----------+-------------------------------------------
     0 | D:1      | qw the Deep Elf Hunter began the quest for the Orb.
     0 | D:1      | Reached XP level 1. HP: 12/12 MP: 3/3
     0 | D:1      | 0 ||| qw: Version: 0.3-a-22-g0ed2b0b
     0 | D:1      | 0 ||| qw: Game counter: 5755
     0 | D:1      | 0 ||| qw: Melee chars always use a shield: true
     0 | D:1      | 0 ||| qw: God list: Okawaru
     0 | D:1      | 0 ||| qw: Allow faded altars: false
     0 | D:1      | 0 ||| qw: Do Orc after clearing Dungeon:15 true
     0 | D:1      | 0 ||| qw: Do second Lair branch before Depths: true
     0 | D:1      | 0 ||| qw: Lair rune preference: random
     0 | D:1      | 0 ||| qw: Goals: Normal
     0 | D:1      | 0 ||| PLANNING D:1-11
   243 | D:1      | Reached XP level 2. HP: 16/16 MP: 4/4
   272 | D:1      | Reached skill level 6 in Ranged Weapons
  1040 | D:1      | 1040 ||| UPGRADING to +0 helmet.
  1045 | D:1      | 1045 ||| UPGRADING to +0 ring mail.
  1055 | D:1      | 1055 ||| DROPPING +0 leather armour.
  1056 | D:1      | 1056 ||| UPGRADING to +4 ring of protection.
  1057 | D:1      | 1057 ||| READING scroll labelled SEME BYHUDO.
  1058 | D:1      | 1058 ||| READING scroll labelled QUGOUX TIYS.
  1059 | D:1      | 1059 ||| DROPPING scroll of butterflies.
  1297 | D:2      | Reached XP level 3. HP: 20/20 MP: 5/5
  1962 | D:2      | 1962 ||| UPGRADING to +0 pair of gloves.
  1967 | D:2      | 1967 ||| UPGRADING to +5 ring of evasion.
  1968 | D:2      | 1968 ||| READING scroll labelled CYECRO ISEUCEANGASH.
  1969 | D:2      | 1969 ||| READING scroll labelled XYLODWAOPT.
  1970 | D:2      | 1970 ||| READING scroll labelled DOUGHUEVIA.
  1971 | D:2      | 1971 ||| DRINKING 2 glowing brown potions.
  1975 | D:2      | 1975 ||| DRINKING 3 black potions.
  1976 | D:2      | 1976 ||| DROPPING potion of ambrosia.
  2008 | D:3      | Reached skill level 7 in Ranged Weapons
  2015 | D:3      | 2015 ||| READING scroll of enchant armour.
  2015 | D:3      | 2015 ||| ENCHANTING +0 pair of gloves.
  2070 | D:3      | Identified the +1 scale mail of Boiling Hail {Harm rN+++
                  | rCorr Str-3}
  2131 | D:3      | Found a basalt altar of Yredelemnul.
  2251 | D:3      | Reached XP level 4. HP: 25/25 MP: 6/6
  2496 | D:3      | Found a shimmering altar of Xom.
  2498 | D:3      | Found a white marble altar of Elyvilon.
  2498 | D:3      | Found an opulent altar of Gozag.
  2505 | D:3      | Found a hide-covered altar of Uskayaw.
  2505 | D:3      | Found a hazy altar of Hepliaklqana.
  2505 | D:3      | Found a hazy altar of Hepliaklqana.
  2577 | D:3      | 2577 ||| UPGRADING to amulet of reflection.
  2582 | D:3      | 2582 ||| READING scroll labelled DOSOGA ROZIUMO.
  2625 | D:3      | 2625 ||| READING 3 scrolls labelled EXKEGE ORUTS.
  2630 | D:3      | 2630 ||| READING scroll labelled BATAIS GEDUGA.
  2631 | D:3      | 2631 ||| DRINKING 2 bubbling orange potions.
  2632 | D:3      | 2632 ||| DROPPING potion of degeneration.
  2692 | D:4      | Noticed a scorpion
  2695 | D:4      | Killed a scorpion
  2696 | D:4      | Reached skill level 8 in Ranged Weapons
  2696 | D:4      | Reached XP level 5. HP: 29/29 MP: 7/7
  3104 | D:4      | Reached skill level 9 in Ranged Weapons
  3255 | D:4      | 3255 ||| DROPPING ring of ice.
  3256 | D:4      | 3256 ||| READING scroll labelled YTTUTOE LYLESCH.
  3257 | D:4      | 3257 ||| READING scroll labelled ZOGGYS ROSA.
  3258 | D:4      | 3258 ||| READING scroll labelled CUECUE ETAYXT.
  3260 | D:4      | 3260 ||| Stepping ~*~*~tactically~*~*~ (cloud).
  3396 | D:5      | Entered Level 5 of the Dungeon
  3399 | D:5      | Noticed an ogre
  3402 | D:5      | Reached skill level 1 in Armour
  3402 | D:5      | 3402 ||| STAIRDANCE
  3424 | D:5      | 3424 ||| STAIRDANCE
  3438 | D:4      | Killed an ogre
  3439 | D:4      | Reached XP level 6. HP: 18/35 MP: 8/8
  3547 | D:5      | 3547 ||| STAIRDANCE
  3549 | D:5      | 3549 ||| STAIRDANCE
  3568 | D:4      | HP: 3/35 [something/puff of flame (8)]
  3570 | D:4      | Reached skill level 10 in Ranged Weapons
  3721 | D:5      | Found a blossoming altar of Fedhas.
  3810 | D:5      | Reached skill level 3 in Dodging
  3885 | D:5      | Found a staircase to the Ecumenical Temple.
  3886 | D:5      | 3886 ||| PLANNING TEMPLE
  3891 | Temple   | Entered the Ecumenical Temple
  3907 | Temple   | 3907 ||| PLANNING OKAWARU WORSHIP
  3938 | Temple   | Became a worshipper of Warmaster Okawaru
  3939 | Temple   | 3939 ||| PLANNING D:1-11
  3967 | D:5      | Reached XP level 7. HP: 40/40 MP: 9/9
  4045 | D:5      | Found a snail-covered altar of Cheibriados.
  4161 | D:5      | 4161 ||| READING scroll of enchant weapon.
  4161 | D:5      | 4161 ||| ENCHANTING +1 shortbow.
  4173 | D:5      | Found a hazy altar of Hepliaklqana.
  4313 | D:5      | Reached skill level 11 in Ranged Weapons
  4367 | D:5      | 4367 ||| READING scroll labelled ROBUOCW ISTUA.
  4367 | D:5      | Identified a scroll of acquirement
  4367 | D:5      | 4367 ||| ACQUIRING +2 pair of boots of stealth
  4367 | D:5      | Acquired a +2 pair of boots of stealth
  4369 | D:5      | 4369 ||| UPGRADING to +2 pair of boots of stealth.
  4374 | D:5      | 4374 ||| READING scroll labelled YKYH BERAEFOAF.
  4375 | D:5      | 4375 ||| DRINKING 2 fizzy black potions.
  4376 | D:5      | 4376 ||| DRINKING 2 dark potions.
  4377 | D:5      | 4377 ||| DROPPING potion of attraction.
  4416 | D:6      | Reached skill level 12 in Ranged Weapons
  4426 | D:6      | Reached * piety under Okawaru
  4440 | D:6      | Reached skill level 1 in Invocations
  4440 | D:6      | Reached XP level 8. HP: 45/45 MP: 10/10
  4446 | D:6      | 4446 ||| INVOKING Heroism.
  4463 | D:6      | 4463 ||| INVOKING Heroism.
  4468 | D:6      | Reached skill level 3 in Fighting
  4480 | D:6      | 4480 ||| INVOKING Heroism.
  4482 | D:6      | Reached skill level 3 in Invocations
  4564 | D:6      | 4564 ||| READING scroll of enchant weapon.
  4564 | D:6      | 4564 ||| ENCHANTING +2 shortbow.
  4608 | D:6      | 4608 ||| INVOKING Heroism.
  4612 | D:6      | 4612 ||| Stepping ~*~*~tactically~*~*~ (cloud).
  4616 | D:6      | 4616 ||| Stepping ~*~*~tactically~*~*~ (cloud).
  4664 | D:6      | 4664 ||| UPGRADING to +2 helmet.
  4674 | D:6      | 4674 ||| DROPPING +0 helmet.
  4675 | D:6      | 4675 ||| DRINKING 2 fizzy purple potions.
  4683 | D:6      | 4683 ||| STAIRDANCE
  4730 | D:6      | 4730 ||| INVOKING Heroism.
  4806 | D:6      | Reached skill level 13 in Ranged Weapons
  4812 | D:6      | 4812 ||| INVOKING Heroism.
  4818 | D:6      | 4818 ||| Stepping ~*~*~tactically~*~*~ (outnumbered).
  4819 | D:6      | 4819 ||| Stepping ~*~*~tactically~*~*~ (outnumbered).
  4841 | D:6      | 4841 ||| INVOKING Heroism.
  4842 | D:6      | HP: 7/46 [orc priest/divine providence (10)]
  4843 | D:6      | 4843 ||| READING 5 scrolls of teleportation.
  4843 | D:6      | Killed from afar by an orc priest

Levels and vault maps discovered:
D:1:      lemuel_arrival_rhombus, layout_basic
D:2:      layout_basic
D:3:      layout_rooms, doesnt_xom_only_xom, mainiacjoe_overflow_24_doors,
          minmay_misc_feat_more_columns, hangedman_feature_mirror,
          nicolae_titane
D:4:      minmay_octagon_keep, layout_basic
D:5:      layout_gridville, mainiacjoe_overflow_six_doors_small,
          nicolae_overflow_hidden_temple, mainiacjoe_overflow_alcove_1,
          minmay_temple_entry_gardened_gates
D:6:      layout_rooms, mainiacjoe_overflow_alcove_4
Temple:   nicolae_temple_ecumenical_triangle

Skill      XL: |  1  2  3  4  5  6  7  8 |
---------------+-------------------------+-----
Ranged Weapons | 6 7 8 9 10 12 13 | 13.1
Fighting       | 2 3 |  3.1
Armour         | 1 |  1.0
Dodging        | 3 4 |  4.0
Invocations    | 1 4 |  4.0
Stealth        | |  1.2

Action                     |  1- 3 |  4- 6 |  7- 9 || total
---------------------------+-------+-------+-------++-------
   Fire: Shortbow          |   137 |   176 |   177 ||   490
 Invoke: Heroism           |       |       |     7 ||     7
    Use: Scroll            |     6 |     6 |     5 ||    17
         Potion            |     2 |     1 |     3 ||     6
 Armour: Leather armour    |     3 |       |       ||     3
         Ring mail         |    15 |    41 |    23 ||    79
  Dodge: Dodged            |    45 |   102 |    73 ||   220
  Block: Other             |       |    35 |    26 ||    61

Table legend:
 A = Non-vault XP
 B = Vault XP
 C = Vault XP percentage of total XP
 D = Non-vault monster count
 E = Vault monster count
 F = Vault count percentage of total count
                 A         B        C        D         E       F
            +---------+---------+-------+---------+---------+-------
      Total |    2349 |      63 |   2.6 |     115 |      18 |  13.5
            +---------+---------+-------+---------+---------+-------
        D:1 |      27 |       0 |   0.0 |      18 |       0 |   0.0
        D:2 |      31 |       0 |   0.0 |      16 |       0 |   0.0
        D:3 |      56 |      10 |  15.2 |      18 |       6 |  25.0
        D:4 |     373 |      53 |  12.4 |      17 |      12 |  41.4
        D:5 |     447 |       0 |   0.0 |      17 |       0 |   0.0
        D:6 |    1415 |       0 |   0.0 |      29 |       0 |   0.0
            +---------+---------+-------+---------+---------+-------
